 Dungeon Crawl Stone Soup version 0.30.0-5-g1a98f26d00 (webtiles) character file.

Game seed: 14202378480127464985

113094 PoweredByGinger the Severer (level 16, -1/148 (155) HPs)
             Began as a Minotaur Fighter on May 8, 2023.
             Was the Champion of Okawaru.
             Slain by a pharaoh ant (27 damage)
             ... on level 1 of the Spider Nest.
             The game lasted 00:40:32 (23602 turns).

PoweredByGinger the Severer (Minotaur Fighter)     Turns: 23602, Time: 00:40:34

HP:   -1/148 (155)  AC: 24    Str: 30    XL:     16   Next: 13%
MP:   9/17          EV: 13    Int:  5    God:    Okawaru [******]
Gold: 1888          SH:  0    Dex: 18    Spells: 15/15 levels left

rFire   + + .        b - +9 battleaxe of the Walnut {heavy, rPois rC+ Str-2}
rCold   + . .        (shield currently unavailable)
rNeg    . . .        k - +2 plate armour {rF+}
rPois   +            (helmet unavailable)
rElec   .            v - +1 cloak {rF+}
rCorr   .            x - +1 pair of gloves {infuse}
SInv    .            M - +1 pair of boots of Perfidy {*Corrode rPois Will+ Regen+ Dex+3}
Will    +++..        (no amulet) Stlth
                     l - +5 ring of evasion
HPRegen 1.24/turn    w - +6 ring of strength
MPRegen 0.15/turn

%: corrode self (3%), infuse magic (1 MP)
@: lightly drained
A: horns 3, retaliatory headbutt, thin skeletal structure 1, low MP 1,
strong-willed 1
a: Renounce Religion, Heroism, Finesse, Duel


You were on level 1 of the Spider Nest.
You worshipped Okawaru.
Okawaru was exalted by your worship.
You visited 6 branches of the dungeon, and saw 26 of its levels.
You also visited: Volcano.

You collected 2668 gold pieces.
You spent 780 gold pieces at shops.

Inventory:

Hand Weapons
 a - a +3 war axe
 b - the +9 battleaxe of the Walnut (weapon) {heavy, rPois rC+ Str-2}
   (Okawaru gifted it to you on level 5 of the Lair of Beasts)

   Str:       It affects your strength (-2).
   rC:        It protects you from cold.
   rPois:     It protects you from poison.
 J - the +7 hand axe of Subterfuge {flame, *Noise rN++ Str+4}
   (You took it off an orc on level 8 of the Dungeon)

   Str:       It affects your strength (+4).
   rN:        It greatly protects you from negative energy.
   *Noise:    It may make noises in combat.
Missiles
 B - 4 silver boomerangs
 C - 3 boomerangs of dispersal
 F - 3 throwing nets
 I - 36 poisoned darts
 O - 10 boomerangs (quivered)
 P - 2 silver javelins
 U - 6 curare-tipped darts
Armour
 c - a +0 buckler
 k - a +2 plate armour of fire resistance (worn)
 v - a +1 cloak of fire resistance (worn)
 x - a +1 pair of gloves of infusion (worn)
 y - a +2 ring mail of poison resistance
 M - the +1 pair of boots of Perfidy (worn) {*Corrode rPois Will+ Regen+ Dex+3}
   (You found it on level 1 of the Lair of Beasts)

   Dex:       It affects your dexterity (+3).
   rPois:     It protects you from poison.
   Regen:     It increases your rate of health regeneration.
   *Corrode:  It may corrode you when you take damage.
   Will:      It increases your willpower.
Jewellery
 i - a ring of flight
 l - a +5 ring of evasion (left hand)
 w - a +6 ring of strength (right hand)
 R - a ring of willpower
 W - a +5 ring of evasion
Wands
 f - a wand of digging (8)
 E - a wand of polymorph (28)
 G - a wand of flame (33)
 L - a wand of mindburst (7)
 V - a wand of iceblast (4)
 X - a wand of light (7)
Scrolls
 e - a scroll of enchant armour
 g - 7 scrolls of fear {unknown}
 j - 8 scrolls of magic mapping
 m - 6 scrolls of teleportation
 n - 6 scrolls of amnesia {unknown}
 o - 3 scrolls of fog
 p - 2 scrolls of torment {unknown}
 r - a scroll of brand weapon {unknown}
 s - 3 scrolls of enchant weapon
 u - 10 scrolls of vulnerability
 Q - 2 scrolls of blinking
 S - a scroll of silence {unknown}
 T - a scroll of butterflies {unknown}
 Y - a scroll of identify
 Z - 4 scrolls of poison
Potions
 d - 3 potions of might
 h - 5 potions of haste
 q - 10 potions of curing
 t - 2 potions of lignification
 z - 3 potions of attraction
 A - 2 potions of flight
 D - 7 potions of heal wounds
 H - 3 potions of resistance
 K - 4 potions of ambrosia
 N - 2 potions of magic


   Skills:
 - Level 17.0 Fighting
 * Level 19.9 Axes
 + Level 2.3 Throwing
 * Level 10.7 Armour
 - Level 19.6 Shields
 - Level 6.6 Invocations


You had 15 spell levels left.
You didn't know any spells.
Your spell library contained the following spells:

 Spells                   Type           Power      Damage    Failure   Level
 Magic Dart               Conj           0%         1d3       98%         1
 Cigotuvi's Dreadful Rot  Necr/Pois/Air  0%         N/A       99%         2
 Sublimation of Blood     Necr           0%         N/A       99%         2
 Wereblood                Tmut           0%         N/A       99%         2
 Hailstorm                Conj/Ice       0%         3d3       100%        3
 Mephitic Cloud           Conj/Pois/Air  0%         N/A       100%        3
 Stone Arrow              Conj/Erth      0%         3d7       100%        3
 Vhi's Electric Charge    Tloc/Air       0%         N/A       100%        3
 Anguish                  Hex/Necr       0%         N/A       100%        4
 Ice Form                 Ice/Tmut       0%         N/A       100%        4
 Alistair's Intoxication  Tmut/Pois      0%         N/A       100%        5
 Arcjolt                  Conj/Air       0%         1d10      100%        5
 Borgnjor's Vile Clutch   Necr/Erth      0%         N/A       100%        5
 Fireball                 Conj/Fire      0%         3d3       100%        5
 Iskenderun's Battlesphe  Conj           0%         2d6       100%        5
 Conjure Ball Lightning   Conj/Air       0%         3x3d6     100%        6
 Eringya's Noxious Bog    Tmut/Pois      0%         N/A       100%        6
 Enfeeble                 Hex            0%         N/A       100%        7
 Orb of Destruction       Conj           0%         9d5       100%        7
 Ozocubu's Refrigeration  Ice            0%         4d7       100%        7
 Lehudib's Crystal Spear  Conj/Erth      0%         10d2      100%        8
 Maxwell's Capacitive Co  Air            0%         ∞         100%        8
 Polar Vortex             Ice            0%         N/A       100%        9
 Summon Small Mammal      Summ           Unusable   N/A       N/A         1
 Call Imp                 Summ           Unusable   N/A       N/A         2
 Animate Armour           Summ/Erth      Unusable   N/A       N/A         4
 Simulacrum               Ice/Necr       Unusable   N/A       N/A         6
 Haunt                    Necr/Summ      Unusable   N/A       N/A         7
 Summon Hydra             Summ           Unusable   N/A       N/A         7

Dungeon Overview and Level Annotations

Branches:
Dungeon (15/15)            Temple (1/1) D:7            Lair (5/5) D:10
 Shoals (0/4) Lair:3       Spider (2/4) Lair:3        Slime (0/5) Lair:4
    Orc (2/2) D:11            Elf (1/3) Orc:2        Vaults (0/5) D:14
 Depths (0/4) D:15        Volcano (visited)

Altars:
Ashenzari
Cheibriados
Dithmenos
Elyvilon
Fedhas
Gozag
Hepliaklqana
Kikubaaqudgha
Makhleb
Nemelex Xobeh
Okawaru
Qazlal
Ru
Sif Muna
Trog
Uskayaw
Vehumet
Wu Jian
Xom
Yredelemnul
Zin
The Shining One
Jiyva

Shops:
Orc:2 =*[(

Annotations:
D:9 exclusion: orange crystal statue
D:14 2 transporters


Innate Abilities, Weirdness & Mutations

You have a pair of large horns on your head.
You reflexively headbutt those who attack you in melee.
You have a somewhat thin skeletal structure. (Dex +2, Stealth+)
Your magical capacity is low. (-10% MP)
You are strong-willed. (Will+)


Message History

The pharaoh ant is heavily damaged.
You slice the tarantella!!
You kill the tarantella!
Okawaru accepts your kill.
You barely miss the tarantella. You slash the culicivora!
The culicivora bites you but does no damage.
The tarantella touches you!
You are confused.
The pharaoh ant bites you. The culicivora closely misses you.
The tarantella touches you.
Unknown command.
You closely miss the pharaoh ant. You headbutt the pharaoh ant.
The pharaoh ant is heavily damaged.
You carve the culicivora like a ham!!!
You kill the culicivora!
Okawaru accepts your kill.
You slice the tarantella!!
You kill the tarantella!
Okawaru accepts your kill.
The pharaoh ant bites you but does no damage.
The pharaoh ant misses you.
Unknown command.
Unknown command.
The pharaoh ant attacks as you move away!
The pharaoh ant misses you. The pharaoh ant closely misses you.
There is a stone staircase leading down, spattered with blood here.
The pharaoh ant closely misses you. The pharaoh ant bites you!
You slash the pharaoh ant!
The pharaoh ant is severely damaged.
You feel less confused. The pharaoh ant barely misses you.
You closely miss the pharaoh ant.
The pharaoh ant is severely damaged.
The pharaoh ant bites you!!
* * * LOW HITPOINT WARNING * * *
You feel drained.
* * * LOW HITPOINT WARNING * * *
The pharaoh ant bites you!!
You die...

..÷..÷....# #...........##...##..
#.^.[...^)# #............#....##.
###......## #......###..#....###.
##.[.[## #........#.......^... ##
##...#####........###.....##..
.####..###...........#...^...#...
....[^^##....................†...
.......##........††...##......>..
##....)#...##.).@>...............
###......##....†B............#.#
########......#.........######
#...#...#^...#.....(....# #
####...........#..........####
#.#...^.......##...#..##.##.#.
###.............####.#..^###....
##.##.....^.....#######...# ##...
#..............####.# #..## #....


You could see a pharaoh ant.

Vanquished Creatures
  Gastronok (D:8)
  An orc warlord (Orc:1)
  Nessos (D:14)
  An ettin (Orc:2)
  Josephine (D:15)
  Snorg (D:12)
  The ghost of Ciata the Cleaver, a journeyman MiBe of Trog (Orc:1)
  A yaktaur captain (D:14)
  Erolcha (D:10)
  5 hydras
  3 centaur warriors
  5 boulder beetles
  2 dancing weapons
  4 two-headed ogres
  3 death yaks (Lair:4)
  2 catoblepae
  3 tengu warriors
  4 orc high priests (Orc:2)
  A pharaoh ant (Spider:1)
  A skyshark (Lair:5)
  3 goliath frogs (Lair:5)
  An orb spider (Spider:1)
  4 orc knights
  A deep elf archer (Orc:1)
  A lindwurm (Lair:4)
  6 wizards
  A deep elf zephyrmancer (D:15)
  A necromancer (D:15)
  A deep elf pyromancer (D:15)
  8 wolf spiders
  3 orc sorcerers
  29 ugly things
  A manticore (D:13)
  4 cyclopes
  25 elephants
  3 moths of wrath
  A naga mage (D:15)
  5 toenail golems (Volcano)
  A black mamba (Lair:5)
  21 cane toads
  A gargoyle (D:13)
  A demonic crawler (Lair:3)
  2 centaur skeletons (D:15)
  An unseen horror (D:12)
  2 rime drakes
  Maggie (D:7)
  12 komodo dragons
  Psyche (D:8)
  A yaktaur (D:14)
  A kobold demonologist (D:13)
  A freezing wraith (D:14)
  An efreet (D:15)
  A polar bear (Lair:1)
  8 trolls
  3 meliai (D:15)
  2 tyrant leeches (Lair:5)
  A hornet (D:9)
  14 tarantellas
  37 blink frogs
  A harpy skeleton (D:15)
  14 jumping spiders
  A shadow (D:12)
  6 slime creatures
  A centaur simulacrum (D:15)
  9 culicivoras
  5 wyverns
  18 yaks
  3 wraiths (D:15)
  21 redbacks
  2 steam dragons
  4 basilisks
  Menkaure (D:5)
  A warg (Orc:1)
  9 vampire mosquitoes
  5 acid dragons
  10 water moccasins
  3 ice beasts
  A meliai simulacrum (D:15)
  A sky beast (D:7)
  2 black bears
  21 orc warriors
  3 ogres
  2 boggarts (D:15)
  5 wolves (Lair:4)
  8 centaurs
  Blork the orc (D:5)
  2 phantoms
  A kobold brigand (D:10)
  22 bullfrogs
  2 scorpions
  8 wights
  17 killer bees
  4 howler monkeys
  3 jellies
  26 orc priests
  2 hounds
  A gnoll bouda (D:7)
  3 sleepcaps (D:6)
  3 iguanas
  25 orc wizards
  6 adders
  6 gnolls
  A shadow imp (D:7)
  3 white imps
  2 ufetubi (D:5)
  2 worms
  4 dart slugs
  66 orcs
  5 bats
  7 endoplasms
  8 goblins
  4 hobgoblins
  4 jackals (D:1)
  5 quokkas
  9 ball pythons
  5 frilled lizards
  11 kobolds
  5 rats
683 creatures vanquished.

Vanquished Creatures (others)
  A boggart (D:15)
  An orc (Orc:2)
2 creatures vanquished.

Grand Total: 685 creatures vanquished

Notes
Turn   | Place    | Note
-------+----------+-------------------------------------------
     0 | D:1      | PoweredByGinger the Minotaur Fighter began the quest for
                  | the Orb.
     0 | D:1      | Reached XP level 1. HP: 19/19 MP: 0/0
   213 | D:1      | Reached XP level 2. HP: 25/26 MP: 1/1
   443 | D:1      | Found a faded altar of an unknown god.
   985 | D:2      | Reached XP level 3. HP: 31/31 MP: 2/2
  1018 | D:2      | Identified the +0 robe "Duomes" {rF+ Regen+ MP+9 Stlth+}
  1220 | D:2      | Found a snail-covered altar of Cheibriados.
  1470 | D:3      | Reached XP level 4. HP: 39/39 MP: 3/3
  1509 | D:3      | Reached skill level 5 in Shields
  1570 | D:4      | Noticed a scorpion
  1581 | D:4      | Killed a scorpion
  1582 | D:4      | Reached XP level 5. HP: 45/45 MP: 4/4
  1616 | D:3      | Reached skill level 5 in Axes
  1716 | D:3      | Identified the +0 leather armour "Mussegoe" {rF+ Str+2}
  2174 | D:3      | Found a hazy altar of Hepliaklqana.
  2174 | D:3      | Found a faded altar of an unknown god.
  2322 | D:4      | Noticed a black bear
  2328 | D:4      | Killed a black bear
  2329 | D:4      | Reached XP level 6. HP: 50/51 MP: 5/5
  2413 | D:4      | Found a basalt altar of Yredelemnul.
  2970 | D:5      | Entered Level 5 of the Dungeon
  2970 | D:5      | Noticed Blork the orc
  3015 | D:5      | Killed Blork the orc
  3041 | D:5      | Noticed Menkaure
  3047 | D:5      | Killed Menkaure
  3048 | D:5      | Reached XP level 7. HP: 25/57 MP: 6/6
  3048 | D:5      | Found a hide-covered altar of Uskayaw.
  3329 | D:5      | HP: 2/57 [phantom (5)]
  3616 | D:5      | Reached XP level 8. HP: 63/64 MP: 7/7
  3740 | D:5      | Gained mutation: You are partially covered in iridescent
                  | scales. (AC +2) [potion of mutation]
  3740 | D:5      | Gained mutation: You are strong-willed. (Will+) [potion of
                  | mutation]
  3740 | D:5      | Gained mutation: Your body sometimes deteriorates upon
                  | taking damage. [potion of mutation]
  3740 | D:5      | Gained mutation: You have a somewhat thin skeletal
                  | structure. (Dex +2, Stealth+) [potion of mutation]
  3765 | D:5      | Found an iron altar of Okawaru.
  3771 | D:5      | Became a worshipper of Warmaster Okawaru
  4375 | D:6      | Reached * piety under Okawaru
  4681 | D:6      | Found a shimmering altar of Xom.
  4786 | D:6      | Reached skill level 10 in Shields
  5277 | D:7      | Noticed Maggie
  5409 | D:7      | Reached skill level 10 in Axes
  5515 | D:7      | Reached XP level 9. HP: 68/70 MP: 8/8
  5562 | D:7      | Reached ** piety under Okawaru
  5594 | D:7      | Found an opulent altar of Gozag.
  5722 | D:7      | Killed Maggie
  6015 | D:7      | Found a staircase to the Ecumenical Temple.
  6079 | D:7      | Found a white marble altar of Elyvilon.
  6240 | Temple   | Entered the Ecumenical Temple
  6545 | D:8      | Noticed Gastronok
  6621 | D:8      | Killed Gastronok
  6621 | D:8      | Reached *** piety under Okawaru
  6849 | D:7      | Reached XP level 10. HP: 55/77 MP: 9/9
  7345 | D:8      | Noticed Psyche
  7357 | D:8      | Killed Psyche
  7379 | D:8      | Identified the +7 hand axe of Subterfuge {flame, *Noise
                  | rN++ Str+4}
  7843 | D:9      | Noticed a two-headed ogre
  7850 | D:9      | Noticed an orange crystal statue
  7853 | D:9      | Paralysed by a hornet for 2 turns
  7868 | D:9      | Reached **** piety under Okawaru
  7874 | D:9      | Killed a two-headed ogre
  8066 | D:9      | Noticed a two-headed ogre
  8859 | D:9      | Killed a two-headed ogre
  8859 | D:9      | Reached ***** piety under Okawaru
  9387 | D:10     | Entered Level 10 of the Dungeon
  9486 | D:10     | Found a stormy altar of Qazlal.
  9556 | D:10     | Noticed Erolcha
  9563 | D:10     | Killed Erolcha
  9564 | D:10     | Reached XP level 11. HP: 71/82 MP: 7/10
  9642 | D:10     | Found a sacrificial altar of Ru.
  9679 | D:10     | Found a staircase to the Lair.
  9702 | D:10     | Found a radiant altar of Vehumet.
  9714 | D:10     | Reached skill level 1 in Invocations
 10022 | D:10     | Found an ornate altar of the Wu Jian Council.
 10264 | Lair:1   | Entered Level 1 of the Lair of Beasts
 10303 | Lair:1   | Identified the +1 pair of boots of Perfidy {*Corrode rPois
                  | Will+ Regen+ Dex+3}
 10317 | Lair:1   | Received a gift from Okawaru
 10318 | Lair:1   | Reached skill level 15 in Shields
 10614 | Lair:1   | Received a gift from Okawaru
 10701 | Lair:1   | Noticed a catoblepas
 10715 | Lair:1   | Killed a catoblepas
 10716 | Lair:1   | Reached skill level 15 in Axes
 10770 | Lair:1   | Reached skill level 5 in Invocations
 10877 | Lair:1   | Identified the +2 ring mail "Eloam" {Slay+2} (Okawaru
                  | gifted it to you on level 1 of the Lair of Beasts)
 10877 | Lair:1   | Received a gift from Okawaru
 10942 | Lair:1   | Noticed a boulder beetle
 10963 | Lair:1   | Killed a boulder beetle
 10963 | Lair:1   | Reached ****** piety under Okawaru
 11306 | Lair:2   | Reached XP level 12. HP: 86/91 MP: 15/15
 11470 | Lair:2   | Reached skill level 5 in Fighting
 11595 | Lair:2   | Identified the +1 cloak of Sujifu {rF- Str+5}
 11830 | Lair:2   | Noticed a four-headed hydra
 11836 | Lair:2   | Killed a one-headed hydra
 12061 | Lair:3   | Identified the +7 war axe "Cuusi Fau" {venom, rElec rF+
                  | rN++ Will-} (Okawaru gifted it to you on level 3 of the
                  | Lair of Beasts)
 12061 | Lair:3   | Received a gift from Okawaru
 12248 | Lair:3   | Found a staircase to the Shoals.
 12249 | Lair:3   | Found a hole to the Spider Nest.
 12769 | Lair:3   | Reached XP level 13. HP: 113/113 MP: 16/16
 12770 | Lair:3   | Reached skill level 10 in Fighting
 13179 | Lair:4   | Received a gift from Okawaru
 13323 | Lair:4   | Found a viscous altar of Jiyva.
 13323 | Lair:4   | Found a staircase to the Slime Pits.
 13330 | Lair:4   | Received a gift from Okawaru
 13549 | Lair:5   | Entered Level 5 of the Lair of Beasts
 13549 | Lair:5   | Found a glowing golden altar of the Shining One.
 13928 | Lair:5   | Reached XP level 14. HP: 115/129 MP: 15/17
 13941 | Lair:5   | Identified the +9 battleaxe of the Walnut {heavy, rPois rC+
                  | Str-2} (Okawaru gifted it to you on level 5 of the Lair of
                  | Beasts)
 13941 | Lair:5   | Received a gift from Okawaru
 14065 | Lair:5   | Got the Anthology of Rank Command
 14881 | D:11     | Found a staircase to the Orcish Mines.
 15329 | Orc:1    | Entered Level 1 of the Orcish Mines
 15601 | Orc:1    | Found a runed translucent gate.
 15602 | Orc:1    | Found a runed translucent gate.
 15603 | Orc:1    | Found a runed translucent gate.
 15609 | Orc:1    | Noticed an orc warlord
 15611 | Orc:1    | Noticed Ciata's ghost (journeyman MiBe)
 15962 | Orc:1    | Found an iron altar of Okawaru.
 15977 | Orc:2    | Entered Level 2 of the Orcish Mines
 16100 | Orc:2    | Found a dark tunnel.
 16120 | Volcano  | Entered a volcano
 16203 | Volcano  | Received a gift from Okawaru
 16493 | Orc:2    | Reached skill level 15 in Fighting
 16876 | Orc:2    | Found a staircase to the Elven Halls.
 17107 | Orc:2    | Found Intasy's Antique Weapon Shoppe.
 17107 | Orc:2    | Found Pamof's Armour Shoppe.
 17108 | Orc:2    | Found Qisuekh's Jewellery Emporium.
 17112 | Orc:2    | Found Ehot's General Store.
 17118 | Orc:2    | Bought a potion of ambrosia for 96 gold pieces
 17118 | Orc:2    | Bought 2 scrolls of identify for 48 gold pieces
 17118 | Orc:2    | Bought a scroll of poison for 48 gold pieces
 17118 | Orc:2    | Bought a scroll of fog for 48 gold pieces
 17124 | Orc:2    | Bought a +6 ring of strength for 540 gold pieces
 17249 | Elf:1    | Entered Level 1 of the Elven Halls
 17387 | Orc:1    | Killed Ciata's ghost
 17387 | Orc:1    | Identified the +0 chain mail of Serendipity {rN+ MP+9}
                  | (Okawaru gifted it to you on level 1 of the Orcish Mines)
 17387 | Orc:1    | Received a gift from Okawaru
 17397 | Orc:1    | Killed an orc warlord
 17425 | Orc:1    | Identified the +2 robe of Fuehoaps {rElec rPois Regen+
                  | Int+2}
 17914 | D:12     | Noticed Snorg
 17925 | D:12     | Killed Snorg
 18428 | D:13     | Reached XP level 15. HP: 140/144 MP: 18/18
 18493 | D:13     | Reached skill level 5 in Armour
 19328 | D:14     | Noticed Nessos
 19513 | D:14     | Found a transporter.
 19574 | D:14     | Killed Nessos
 19597 | D:14     | Lost mutation: Your body sometimes deteriorates upon taking
                  | damage. [potion of mutation]
 19597 | D:14     | Lost mutation: You are partially covered in iridescent
                  | scales. (AC +2) [potion of mutation]
 19597 | D:14     | Gained mutation: Your magical capacity is low. (-10% MP)
                  | [potion of mutation]
 19597 | D:14     | Gained mutation: You have a pair of large horns on your
                  | head. [potion of mutation]
 19834 | D:14     | Found a sparkling altar of Nemelex Xobeh.
 19893 | D:14     | Found a shadowy altar of Dithmenos.
 19965 | D:14     | Found a gate to the Vaults.
 20141 | D:14     | Found a transporter.
 20527 | D:15     | Entered Level 15 of the Dungeon
 20605 | D:15     | Identified the +5 chain mail of Sin {rC- Int+2 Dex+3}
                  | (Okawaru gifted it to you on level 15 of the Dungeon)
 20605 | D:15     | Received a gift from Okawaru
 20937 | D:15     | Noticed Josephine
 20947 | D:15     | Killed Josephine
 21525 | D:15     | Found a staircase to the Depths.
 21813 | D:15     | Upgraded the game from 0.30.0-3-ga4e48a9924 to
                  | 0.30.0-5-g1a98f26d00
 22089 | Spider:1 | Entered Level 1 of the Spider Nest
 22814 | Spider:1 | Reached skill level 1 in Throwing
 22918 | Spider:1 | Reached skill level 10 in Armour
 22942 | Spider:1 | Received a gift from Okawaru
 22964 | Spider:1 | Reached XP level 16. HP: 93/155 MP: 17/17
 23602 | Spider:1 | Slain by a pharaoh ant

Illustrated notes

Levels and vault maps discovered:
D:1:      dpeg_arrival_yet_another_circle, layout_loops_ring,
          nicolae_ecumenical_snake_handling
D:2:      layout_rooms, basic_altar, chequers_serial_rivers_micro_a
D:3:      layout_basic, beargit_hepliaklqana_dungeon_heroes
D:4:      layout_basic, yredelemnul_altar_generic
D:5:      layout_rooms, marbit_many_paths, kennysheep_little_box,
          minmay_crystal_room, minmay_fractal_squares_5, uniq_menkaure,
          uniq_blork_the_orc
D:6:      layout_loops_corners, tgw_xom
D:7:      layout_loops_cross, elyvilon_altar_1, kennysheep_mini,
          minmay_temple_entry_antechambers, dk_noncrumbling_3, uniq_maggie
D:8:      layout_basic, uniq_psyche, uniq_gastronok
D:9:      layout_loops_cross, minivault_16
D:10:     layout_small_grid, nzn_wu_jian_council_hall,
          lemuel_coloured_pillars_altar, grunt_qazlal_clouds,
          lemuel_round_altar, minmay_misc_feat_tower, uniq_erolcha
D:11:     layout_loops_ring, hiddenorc1_lemuel, grunt_decor_cap, minivault_10
D:12:     layout_cave_pools, hangedman_abyss_or_decor_stabs, uniq_snorg
D:13:     layout_basic
D:14:     gammafunk_the_bubble [the_bubble_gammafunk_plus_minus], layout_basic,
          david_vaults_2, nemelex_spade_bored_becter, grunt_dithmenos_smoke,
          uniq_nessos
D:15:     grunt_enter_depths_magical_seal, layout_long_grid,
          minmay_misc_feat_hallway, uniq_josephine
Temple:   bh_familiar_temple
Lair:1:   layout_regular_city, beast_lair_carwin_11, grunt_megastairs_1,
          serial_bayou_shore_b
Lair:2:   layout_regular_city, serial_rivers, chequers_serial_rivers_small_a,
          chequers_serial_rivers_micro_d, chequers_serial_rivers_large_a,
          chequers_serial_rivers_marsh
Lair:3:   layout_regular_city, shoals_dummy_entry, spider_nest_entry_web_field,
          chequers_serial_rivers_marsh, chequers_serial_rivers_small_3
Lair:4:   layout_roguey, slime_entry_1, beast_lair_carwin_6,
          infiniplex_staircase_pool_2
Lair:5:   minmay_lair_end_frog_pond, layout_cave_shapes, basic_altar
Spider:1: nicolae_spider_mines_1
Spider:2: layout_spider_delve, nicolae_spider_cling_halls
Orc:1:    layout_diamond_mine, gammafunk_ghost_fury_of_okawaru, mines_bat_river
Orc:2:    st_orc_mages, layout_caves, nicolae_volcano_entry_hallway
Elf:1:    eino_elf_arrival_shootout, layout_gridlike, minmay_elf_necromancy,
          uniq_zenata

Skill      XL: |  1  2  3  4  5  6  7  8  9 10 11 12 13 14 15 16 |
---------------+-------------------------------------------------+-----
Shields        | 4 5 6 7 8 10 12 14 15 16 17 18 19 | 19.6
Axes           | 3 4 5 6 8 10 12 14 15 16 17 18 19 | 19.9
Invocations    | 6 |  6.6
Fighting       | 4 9 13 16 17 | 17.0
Armour         | 4 10 | 10.7
Throwing       | 1 2 |  2.3

Action                     |  1- 3 |  4- 6 |  7- 9 | 10-12 | 13-15 | 16-18 || total
---------------------------+-------+-------+-------+-------+-------+-------++-------
  Melee: War axe           |    94 |    85 |   202 |    60 |   181 |       ||   622
         Headbutt          |    11 |    10 |    51 |   128 |   298 |     7 ||   505
         Hand axe          |       |       |       |   439 |   814 |       ||  1253
         Battleaxe         |       |       |       |       |    86 |    48 ||   134
  Throw: Dart              |       |     1 |    11 |       |       |       ||    12
         Boomerang         |       |       |     3 |     4 |     3 |       ||    10
 Invoke: Heroism           |       |       |     2 |     1 |     5 |       ||     8
         Finesse           |       |       |       |       |     2 |       ||     2
  Evoke: Wand              |       |       |       |     5 |     2 |       ||     7
    Use: Potion            |       |       |     4 |     4 |     5 |     2 ||    15
         Scroll            |       |       |     7 |     3 |    13 |       ||    23
   Stab: Sleeping          |       |       |     4 |     2 |     6 |       ||    12
         Distracted        |       |       |       |       |     2 |       ||     2
 Armour: Scale mail        |    32 |     4 |       |       |       |       ||    36
         Ring mail         |       |    22 |    40 |    93 |   171 |       ||   326
         Skin              |       |       |       |     7 |     2 |       ||     9
         Plate armour      |       |       |       |       |   155 |    41 ||   196
  Dodge: Dodged            |    55 |    48 |   149 |   294 |   547 |    61 ||  1154
  Block: Buckler           |    28 |    13 |    52 |   153 |   333 |       ||   579
